 Dungeon Crawl Stone Soup version 0.29-a0-275-g389c0b56f3 (webtiles) character file.

Game seed: 13423126589295216727

4 siradein the Vexing (level 1, -2/11 HPs)
             Began as a Deep Elf Arcane Marksman on Mar 9, 2022.
             Frozen to death by an endoplasm (5 damage)
             ... on level 1 of the Dungeon.
             The game lasted 00:00:15 (143 turns).

siradein the Vexing (Deep Elf Arcane Marksman)       Turns: 143, Time: 00:00:15

Health: -2/11      AC:  2    Str:  7    XL:     1   Next: 50%
Magic:  4/5        EV: 12    Int: 17    God:
Gold:   28         SH:  0    Dex: 15    Spells: 2/3 levels left

rFire   . . .      SeeInvis .   a - +0 shortbow
rCold   . . .      Faith    .   (shield currently unavailable)
rNeg    . . .      Spirit   .   b - +0 robe
rPois   .          Reflect  .   (no helmet)
rElec   .          Harm     .   (no cloak)
rCorr   .          Rampage  .   (no gloves)
Will    .....                   (no boots)
Stlth   +.........              (no amulet)
HPRegen 0.03/turn               (no ring)
MPRegen 0.09/turn               (no ring)

@: very slightly contaminated
A: no striking features
a: no special abilities


You were on level 1 of the Dungeon.
You visited 1 branch of the dungeon, and saw 1 of its levels.

You collected 28 gold pieces.

Inventory:

Hand Weapons
 a - a +0 shortbow (weapon)
Armour
 b - a +0 robe (worn)
Scrolls
 c - a scroll of vulnerability
 d - a scroll of identify {unknown}


   Skills:
 + Level 0.8 Fighting
 * Level 2.8 Bows
 + Level 2.5 Dodging
 + Level 1.7 Spellcasting
 + Level 4.0 Hexes


You had 2 spell levels left.
You knew the following spells:

 Your Spells              Type           Power      Damage    Failure   Level
a - Slow                  Hex            60%        N/A       3%          1

Your spell library contained the following spells:

 Spells                   Type           Power      Damage    Failure   Level
 Inner Flame              Hex/Fire       8%         N/A       26%         3
 Portal Projectile        Hex/Tloc       16%        N/A       26%         3
 Cause Fear               Hex            7%         N/A       36%         4


Dungeon Overview and Level Annotations

Branches:
Dungeon (1/15)

Altars:


Message History

A quokka is nearby!
A quokka is nearby!
You shoot an arrow. The arrow hits the quokka.
The quokka is heavily wounded.
The quokka struggles to resist.
You shoot an arrow. The arrow misses the quokka.
You shoot an arrow.
The arrow hits the quokka but does no damage.
The quokka is heavily wounded.
The quokka barely misses you.
You shoot an arrow. The arrow hits the quokka.
You kill the quokka!
No target in view!
No target in view!
No target in view!
d - a scroll labelled HUITWUOR AMI An endoplasm comes into view.
Found 18 stones.
An endoplasm is nearby!
An endoplasm is nearby!
You miscast Slow.
You are very lightly contaminated with residual magic.
Nothing appears to happen.
The endoplasm quivers.
You shoot an arrow. The arrow barely misses the endoplasm.
The endoplasm hits you.
You shoot an arrow. The arrow hits the endoplasm.
The endoplasm is almost dead.
The endoplasm freezes you.
You are frozen.
You shoot an arrow. The arrow barely misses the endoplasm.
The endoplasm freezes you.
You are frozen.
* * * LOW HITPOINT WARNING * * *
You are too injured to fight recklessly!
You are too injured to fight recklessly!
You are too injured to fight recklessly!
The endoplasm freezes you.
You are frozen.
You die...

## ####. #.... #.... ####
#..#.## # ##... #..#($#
.#######....
##..##.#..##.........
##....J....#...⌠....##
#....@.....#........#.
#######...######.#........'8
..........# ###########
#######.#...... # #.#######
# #.# ##### ##.###### #....
########.......# #.###
.......)..#.##.# #.#


You could see an endoplasm.

Vanquished Creatures
  A goblin (D:1)
  A hobgoblin (D:1)
  A quokka (D:1)
3 creatures vanquished.

Notes
Turn   | Place    | Note
-------+----------+-------------------------------------------
     0 | D:1      | siradein the Deep Elf Arcane Marksman began the quest for
                  | the Orb.
     0 | D:1      | Reached XP level 1. HP: 11/11 MP: 5/5
   143 | D:1      | Frozen to death by an endoplasm

Illustrated notes

Levels and vault maps discovered:
D:1:      giann_wishing_wells, layout_loops_ring,
          hellmonk_ecumenical_altar_prayer_group, minmay_tetromino_l2

Action                   || total
-------------------------++-------
 Fire: Shortbow          ||    11
 Cast: Slow              ||     3
Dodge: Dodged            ||     1

Table legend: (Time is in decaauts)
 A = Elapsed time spent in this place.
 B = Non-inter-level travel time spent in this place.
 C = Inter-level travel time spent in this place.
 D = Time resting spent in this place.
 E = Time spent auto-exploring this place.
 F = Levels seen in this place.
 G = Mean time per level.
                   A        B        C        D        E       F      G
               +--------+--------+--------+--------+--------+-----+--------+
         Total |    146 |    146 |      0 |      0 |    122 |   1 |  146.0 |
       Dungeon |    146 |    146 |      0 |      0 |    122 |   1 |  146.0 |
               +--------+--------+--------+--------+--------+-----+--------+

Top non-repeatable levels by time:
     D:1: 146 daAuts
